 Dungeon Crawl Stone Soup version 0.20-a0-3-g334f831 (webtiles) character file.

542 JeffiDaFish the Shield-Bearer (level 7, -4/48 HPs)
             Began as a Gargoyle Fighter on Oct 30, 2016.
             Was an Initiate of Makhleb.
             Killed by divine providence
             ... invoked by an orc priest
              (12 damage)
             ... on level 4 of the Dungeon.
             The game lasted 00:07:35 (3094 turns).

JeffiDaFish the Shield-Bearer (Gargoyle Fighter)    Turns: 3094, Time: 00:07:36

Health: -4/48      AC: 21    Str: 21    XL:     7   Next: 27%
Magic:  7/7        EV:  6    Int: 11    God:    Makhleb [......]
Gold:   174        SH: 12    Dex: 12    Spells: 0 memorised, 6 levels left

rFire  + . .     SeeInvis .     a - +2 flail
rCold  x . .     Gourm    +     k - +2 chain mail of Fallacy {Dex+3}
rNeg   + . .     Faith    .     c - +2 shield
rPois  ∞         Spirit   .     (no helmet)
rElec  +         Reflect  .     n - +2 cloak
rCorr  .         Harm     .     (no gloves)
MR     .....                    (no boots)
Stlth  ..........               h - amulet of the gourmand
                                (no ring)
                                g - ring of fire

@: no status effects
A: iridescent scales 1, clever 1, negative energy resistance 1, robust 1,
electricity resistance, unbreathing, petrification resistance, rot immunity, AC
+4
a: Renounce Religion


You were on level 4 of the Dungeon.
You worshipped Makhleb.
Makhleb was noncommittal.
You were completely stuffed.

You visited 1 branch of the dungeon, and saw 4 of its levels.

You collected 174 gold pieces.

Inventory:

Hand Weapons
 a - a +2 flail (weapon)
Armour
 c - a +2 shield (worn)
 k - the +2 chain mail of Fallacy (worn) {Dex+3}
   (You found it on level 4 of the Dungeon)

   It affects your dexterity (+3).
 n - a +2 cloak (worn)
Jewellery
 g - a ring of fire (left hand)
 h - an amulet of the gourmand (around neck)
Scrolls
 e - 2 scrolls of remove curse
 p - 2 scrolls of identify
 r - 3 scrolls of amnesia
Potions
 o - 2 potions of curing
Comestibles
 d - a chunk of flesh
 f - 2 bread rations
 i - a meat ration
 j - a beef jerky
 q - a royal jelly


   Skills:
 + Level 4.4 Fighting
 + Level 4.6 Maces & Flails
 + Level 4.3 Armour
 + Level 1.4 Dodging
 + Level 0.2 Stealth
 + Level 5.7 Shields


You had 6 spell levels left.
You didn't know any spells.

Dungeon Overview and Level Annotations

Branches:
Dungeon (4/15)
 Temple: D:4-7

Altars:
Makhleb
Xom


Innate Abilities, Weirdness & Mutations

You are resistant to torment.
Your stone body is resilient. (AC +4)
You are immune to poison.
You resist negative energy. (rN+)
You are resistant to electric shocks. (rElec)
You can survive without breathing.
You are immune to petrification.
You are immune to rotting.
You are partially covered in iridescent scales. (AC +2)
Your mind is acute. (Int +2)
You are robust. (+10% HP)


Message History

You hit the goblin.
You kill the goblin!
Makhleb accepts your kill.
The orc priest hits you but does no damage.
You hit the orc priest but do no damage.
The orc priest mumbles some strange prayers to Beogh against you.
Beogh smites you!
* * * LOW HITPOINT WARNING * * *
You are too injured to fight recklessly!
You are too injured to fight recklessly!
You are too injured to fight recklessly!
You are too injured to fight recklessly!
You sock the orc priest!
The orc priest is heavily wounded.
The orc priest hits you but does no damage.
You hit the orc priest.
The orc priest is almost dead.
The orc priest calls down the wrath of Beogh upon you.
Beogh smites you!
You die...

.# .##### .....########
#### .###..<.....# #..#
.# ##.......# #..# .#
#.......####.####.
#####.................
...##............###.
.............#..@#...
_...............)o......
...............#..#.....
.######.#....#...## ##..
## #<.#.##.....# #
####.##.##....## #
#.......#.....#
###.#..#......#.#
.........#..###...


You could see an orc priest.

Vanquished Creatures
  The ghost of Marmot the Sneak, an amateur FeMo (D:4)
  An ogre (D:4)
  A centaur (D:4)
  A howler monkey (D:4)
  An orc priest (D:4)
  A hound (D:4)
  Ijyb (D:2)
  A worker ant (D:4)
  Natasha (D:4)
  A howler monkey skeleton (D:4)
  2 adders
  A worm (D:2)
  2 dart slugs
  4 leopard geckos
  9 orcs
  7 bats
  2 giant cockroaches
  9 goblins
  4 hobgoblins
  12 kobolds
  2 ball pythons
  4 frilled lizards
  4 rats
72 creatures vanquished.

Notes
Turn   | Place    | Note
-------+----------+-------------------------------------------
     0 | D:1      | JeffiDaFish the Gargoyle Fighter began the quest for the Orb.
     0 | D:1      | Reached XP level 1. HP: 14/14 MP: 1/1
   181 | D:1      | Reached XP level 2. HP: 19/19 MP: 2/2
   618 | D:1      | Reached XP level 3. HP: 21/23 MP: 3/3
   643 | D:1      | Gained mutation: You are robust. (+10% HP) [potion of mutation]
   643 | D:1      | Gained mutation: You are partially covered in iridescent scales. (AC +2) [potion of mutation]
   643 | D:1      | Gained mutation: Your mind is acute. (Int +2) [potion of mutation]
  1041 | D:2      | Noticed Ijyb
  1057 | D:2      | Killed Ijyb
  1057 | D:2      | Reached skill level 4 in Shields
  1057 | D:2      | Reached XP level 4. HP: 31/31 MP: 4/4
  1934 | D:3      | Found a shimmering altar of Xom.
  1936 | D:3      | Found a hide-covered altar of Uskayaw.
  1936 | D:3      | Found a burning altar of Makhleb.
  1939 | D:3      | Found a shattered altar of Ashenzari.
  1939 | D:3      | Found a blossoming altar of Fedhas.
  1939 | D:3      | Found a blossoming altar of Fedhas.
  2201 | D:4      | Reached skill level 1 in Dodging
  2201 | D:4      | Reached XP level 5. HP: 31/36 MP: 5/5
  2207 | D:4      | Noticed an ogre
  2214 | D:4      | Noticed Marmot's ghost (amateur FeMo)
  2249 | D:4      | HP: 1/36 [Marmot's ghost (6)]
  2602 | D:4      | Noticed Natasha
  2631 | D:4      | Killed Natasha
  2631 | D:4      | Reached XP level 6. HP: 22/41 MP: 6/6
  2798 | D:4      | Noticed a phantom
  2799 | D:4      | Got a bloodstained chain mail
  2823 | D:4      | Reached skill level 5 in Shields
  2869 | D:4      | Identified the +2 chain mail of Fallacy {Dex+3} (You found it on level 4 of the Dungeon)
  2927 | D:4      | Found a burning altar of Makhleb.
  2963 | D:4      | Became a worshipper of Makhleb the Destroyer
  3010 | D:4      | Killed Marmot's ghost
  3010 | D:4      | Reached XP level 7. HP: 37/47 MP: 7/7
  3094 | D:4      | Killed from afar by an orc priest

Vault maps used:
D:1:      dpeg_arrival_ternary
D:2:      first_bread, roderic_hopi_sauvastika, serial_park_tiny_pond,
          uniq_iyjb, uniq_sigmund
D:3:      doesnt_xom_only_xom
D:4:      amethyst_overflow_temple_binary, makhleb_heckhound_becter,
          uniq_natasha, uniq_eustachio, uniq_blork_the_orc, uniq_robin

Skill      XL: |  1  2  3  4  5  6 |
---------------+-------------------+-----
Shields        | 4 5 |  5.7
Maces & Flails | 3 4 |  4.6
Dodging        | 1 |  1.4
Armour         | 4 |  4.3
Fighting       | 4 |  4.4
Stealth        | |  0.2

Action                   |  1- 3 |  4- 6 |  7- 9 || total
-------------------------+-------+-------+-------++-------
Melee: Flail             |   104 |   202 |    15 ||   321
  Use: Scroll            |     6 |     5 |       ||    11
       Potion            |     6 |     6 |       ||    12
 Stab: Invisible         |     1 |       |       ||     1
  Eat: Chunk             |    11 |     8 |     1 ||    20
Armor: Scale mail        |    68 |    92 |       ||   160
       Chain mail        |       |    11 |     8 ||    19
Dodge: Dodged            |    39 |    80 |     2 ||   121
Block: Shield            |    73 |   144 |     5 ||   222
